AoeStats
← Erickinio

Arena

508164401Analyzed
3v3 RM · 11d ago on Sep 21, 2026· 51m 14s· 6 players
Game mode
Random Map
Map size
Normal (6 player)
Population
200
Speed
Normal
Resources
Standard
Victory
Conquest
Starting age
Dark Age
Ending age
Imperial Age
RankedLock teamsTeams togetherTeam positionsShared explorationLock speedFull tech treeHidden civsTurbo modeCheats
Victory
Defeat
🇺🇸 Persians · United States
868
+14
🇺🇸 Teutons · United States
839
+15
🇺🇸 Vietnamese · United States
705
+20
837
-17
🇷🇺 Dravidians · Russia
829
-17
🇦🇷 Celts · Argentina
788
-15
micahsanders29
10:37 Feudal Age
9:37 Loom
11:13 Double-Bit Axe
18:19 Castle Age
16:27 Horse Collar
19:23 Bow Saw
20:27 Husbandry
21:29 Bloodlines
25:42 Fletching
27:28 Crossbowman
29:04 Wheelbarrow
30:24 Scale Barding Armor
30:29 Forging
30:15 Bodkin Arrow
32:22 Kamandaran
33:46 Iron Casting
35:13 Wheelbarrow
35:04 Padded Archer Armor
35:25 Chain Barding Armor
39:03 Imperial Age
37:10 Wheelbarrow
37:13 Thumb Ring
38:27 Heavy Plow
38:52 Hand Cart
40:19 Conscription
41:47 Blast Furnace
41:22 Plate Barding Armor
41:03 Leather Archer Armor
40:48 Scale Mail Armor
40:25 Cavalier
40:26 Heavy Camel Rider
41:38 Town Watch
43:00 Two-Man Saw
42:34 Crop Rotation
41:55 Savar
42:55 Town Patrol
43:37 Gold Mining
43:41 Stone Mining
45:27 Chemistry
44:49 Ballistics
44:25 Murder Holes
46:10 Gold Shaft Mining
46:10 Stone Shaft Mining
45:02 Light Cavalry
45:47 Squires
45:07 Pikeman
46:03 Citadels
45:39 Onager
46:48 Hussar
47:59 Elite Skirmisher
47:59 Heavy Cavalry Archer
49:05 Parthian Tactics
50:45 Chain Mail Armor
51:01 Ring Archer Armor
50:11 Imperial Skirmisher
52:24 Plate Mail Armor
SilverTigre
12:21 Feudal Age
18:00 Stone Mining
21:16 Castle Age
19:38 Loom
20:22 Gold Mining
22:58 Double-Bit Axe
32:01 Imperial Age
30:53 Fletching
31:46 Caravan
32:33 Wheelbarrow
35:13 Thumb Ring
35:08 Bodkin Arrow
36:28 Heavy Cavalry Archer
37:49 Horse Collar
39:13 Stone Shaft Mining
38:41 Bracer
40:36 Hand Cart
41:46 Padded Archer Armor
41:50 Husbandry
42:00 Bloodlines
44:11 Leather Archer Armor
44:03 Scale Mail Armor
50:26 Coinage
50:07 Guilds
Determined_Carpenter
11:27 Feudal Age
12:03 Double-Bit Axe
12:06 Horse Collar
12:58 Stone Mining
17:48 Castle Age
15:56 Gold Mining
16:06 Fletching
16:55 Loom
19:13 Bow Saw
19:04 Heavy Plow
19:04 Bodkin Arrow
21:14 Wheelbarrow
20:43 Man-at-Arms
24:18 Forging
24:30 Long Swordsman
26:30 Hand Cart
27:22 Squires
27:08 Arson
29:00 Gambesons
29:22 Pikeman
31:30 Stone Shaft Mining
36:10 Imperial Age
34:25 Iron Casting
33:51 Scale Mail Armor
33:57 Scale Barding Armor
33:53 Padded Archer Armor
35:08 Ballistics
35:53 Town Watch
37:23 Conscription
37:29 Fortified Wall
38:24 Crenellations
38:40 Ironclad
37:46 Two-Handed Swordsman
38:44 Chain Mail Armor
40:14 Champion
42:07 Plate Mail Armor
42:44 Crop Rotation
43:16 Two-Man Saw
42:34 Halberdier
43:04 Cavalier
45:19 Town Patrol
46:22 Blast Furnace
45:42 Chain Barding Armor
46:10 Leather Archer Armor
47:50 Elite Teutonic Knight
49:46 Paladin
☯︎ PΔTΔS DΞ STΞΞL ☯
1:40 Loom
14:36 Feudal Age
15:13 Gold Mining
15:05 Horse Collar
15:14 Double-Bit Axe
16:46 Wheelbarrow
16:18 Stone Mining
20:21 Castle Age
20:18 Forging
20:13 Scale Barding Armor
21:25 Bow Saw
21:18 Heavy Plow
21:56 Gold Shaft Mining
26:43 Squires
26:06 Pikeman
26:46 Squires
27:25 Man-at-Arms
28:37 Hand Cart
29:45 Long Swordsman
32:37 Marauders
Etheling
9:46 Loom
11:55 Feudal Age
12:21 Horse Collar
12:30 Double-Bit Axe
12:37 Gold Mining
16:55 Stone Mining
21:31 Castle Age
19:32 Arson
20:33 Scale Mail Armor
21:56 Forging
22:31 Heavy Plow
23:46 Bow Saw
24:49 Squires
26:49 Iron Casting
27:17 Gambesons
26:53 Man-at-Arms
32:20 Wheelbarrow
32:13 Fletching
33:37 Ballistics
34:01 Masonry
33:20 Crossbowman
34:13 Caravan
36:40 Hand Cart
38:58 Imperial Age
37:02 Hand Cart
37:14 Murder Holes
36:47 Long Swordsman
37:31 Padded Archer Armor
38:21 Thumb Ring
39:05 Chain Mail Armor
39:13 Two-Handed Swordsman
41:26 Blast Furnace
41:30 Wootz Steel
42:59 Two-Man Saw
41:52 Champion
42:46 Arrowslits
44:19 Plate Mail Armor
Erickinio
11:53 Feudal Age
12:23 Double-Bit Axe
12:31 Gold Mining
13:51 Loom
17:08 Castle Age
14:44 Man-at-Arms
16:09 Arson
16:35 Horse Collar
17:17 Forging
18:18 Gambesons
24:00 Long Swordsman
26:07 Scale Mail Armor
28:12 Stone Mining
28:04 Treadmill Crane
29:16 Pikeman
31:10 Stronghold
32:08 Heavy Plow
32:58 Iron Casting
34:03 Wheelbarrow
34:15 Gold Shaft Mining
34:16 Stone Shaft Mining
33:57 Masonry
34:54 Chain Mail Armor
35:31 Bow Saw
37:15 Hand Cart
41:35 Imperial Age
39:57 Town Watch
40:10 Murder Holes
40:26 Fortified Wall
43:21 Blast Furnace
41:58 Halberdier
43:28 Plate Mail Armor
43:28 Conscription
43:37 Heavy Scorpion
44:51 Furor Celtica
45:25 Elite Woad Raider
45:54 Elite Skirmisher
46:38 Padded Archer Armor
47:09 Onager
50:25 Siege Engineers
Connection lost

Rejoining the realm…

Still unreachable

The connection could not be restored.

Session expired

The server has moved on; the page needs a fresh start.